 Dungeon Crawl Stone Soup version 0.21.1-1-g345015f (webtiles) character file.

56 goulibeur the Unweaver (level 3, -2/29 HPs)
             Began as a Demonspawn Abyssal Knight on July 5, 2018.
             Was a Follower of Lugonu.
             Killed from afar by an orc wizard (7 damage)
             ... with a puff of flame
             ... on level 1 of the Dungeon.
             The game lasted 00:06:02 (1951 turns).

goulibeur the Unweaver (Demonspawn Abyssal Knight)  Turns: 1951, Time: 00:06:02

Health: -2/29      AC:  6    Str: 12    XL:     3   Next: 69%
Magic:  0/5        EV:  9    Int: 18    God:    Lugonu [*.....]
Gold:   47         SH:  0    Dex: 13    Spells: 2/2 levels left

rFire    . . .     SeeInvis .   a - +1 short sword
rCold    . . .     Gourm    .   (no shield)
rNeg     . . .     Faith    .   h - +0 scale mail (curse)
rPois    .         Spirit   +   (no helmet)
rElec    .         Reflect  .   (no cloak)
rCorr    .         Harm     .   (no gloves)
MR       .....                  (no boots)
Stlth    +.........             (no amulet)
HPRegen  0.09/turn              i - +5 ring of intelligence
MPRegen  0.09/turn              (no ring)

@: no status effects
A: nightstalker 1, magic shield
a: Depart the Abyss, Renounce Religion


You were on level 1 of the Dungeon.
You worshipped Lugonu.
Lugonu was aware of your devotion.
You were not hungry.

You visited 1 branch of the dungeon, and saw 2 of its levels.
You visited the Abyss 1 time.

You collected 47 gold pieces.

Inventory:

Hand Weapons
 a - a +1 short sword (weapon)
Armour
 b - a +0 leather armour
 h - a cursed +0 scale mail (worn)
Jewellery
 i - a +5 ring of intelligence (left hand)
 k - an uncursed ring of ice {unknown}
Wands
 l - a wand of iceblast (8)
Scrolls
 e - 2 scrolls of remove curse {unknown}
 f - 3 scrolls of identify {unknown}
 g - a scroll of enchant armour {unknown}
Potions
 d - a potion of resistance {unknown}
 j - a potion of heal wounds {unknown}
Comestibles
 c - 2 rations
 m - a chunk of flesh


   Skills:
 + Level 3.4 Fighting
 - Level 1.7 Short Blades
 + Level 2.3 Armour
 + Level 1.5 Dodging
 * Level 3.7 Invocations


You had 2 spell levels left.
You didn't know any spells.

Dungeon Overview and Level Annotations

Branches:
Dungeon (2/15)

Altars:

Annotations:
D:2 Jessica, Robin


Innate Abilities, Weirdness & Mutations

You are slightly more attuned to the shadows.
When hurt, damage is shared between your health and your magic reserves.


Message History

The magic dart hits you!
* * * LOW HITPOINT WARNING * * *
There is a stone staircase leading up here.
The orc wizard hits you but does no damage.
You climb upwards.
There is a stone staircase leading down here.
You can't go up here!
You hit the orc wizard.
The orc wizard is heavily wounded.
The orc wizard hits you but does no damage.
The orc wizard barely misses you.
You barely miss the orc wizard.
The orc wizard is heavily wounded.
The orc wizard hits you but does no damage.
You closely miss the orc wizard.
The orc wizard is heavily wounded.
The orc wizard hits you but does no damage.
The orc wizard points at you and mumbles some strange words.
The puff of flame hits you!
You die...

#############
...(........#
###########.#
'......# #.#
######.# #.#
######.####.########
................@o.#
#.#.##.####..#####.#
#.#.##.#.....# #.#
#.#.##.#.#...# #.#
#......#.#...# #.#
###.#..#.#...# #.#
.............# #.#
###.###.###..# #.#
.........##).# #.#


You could see an orc wizard.

Vanquished Creatures
  A gnoll (D:1)
  A dart slug (D:1)
  A leopard gecko (D:2)
  2 orcs (D:2)
  A ball python (D:1)
  7 giant cockroaches
  3 hobgoblins
  2 bats (D:1)
  2 frilled lizards (D:1)
  9 goblins
  4 kobolds
  6 rats (D:1)
39 creatures vanquished.

Notes
Turn   | Place    | Note
-------+----------+-------------------------------------------
     0 | Abyss:1  | goulibeur the Demonspawn Abyssal Knight began the quest for the Orb.
     0 | Abyss:1  | Reached XP level 1. HP: 18/18 MP: 2/2
    31 | Abyss:1  | Found a corrupted altar of Lugonu.
    41 | Abyss:1  | Noticed a wretched star
    41 | D:1      | Escaped the Abyss
   152 | D:1      | Reached skill level 1 in Dodging
   194 | D:1      | Gained mutation: You are slightly more attuned to the shadows. [demonic ancestry]
   194 | D:1      | Reached XP level 2. HP: 19/24 MP: 4/4
   514 | D:1      | Reached * piety under Lugonu
   953 | D:1      | Gained mutation: When hurt, damage is shared between your health and your magic reserves. [demonic ancestry]
   953 | D:1      | Reached XP level 3. HP: 29/29 MP: 5/5
  1562 | D:2      | Noticed Jessica
  1567 | D:2      | Noticed Robin
  1951 | D:1      | Killed from afar by an orc wizard

Skill      XL: |  1  2 |
---------------+-------+-----
Dodging        | 1 |  1.5
Invocations    | 3 |  3.7
Armour         | 2 |  2.3
Fighting       | |  3.4
Short Blades   | |  1.7

Action                   || total
-------------------------++-------
Melee: Short sword       ||   152
Invok: Depart the Abyss  ||     1
  Eat: Chunk             ||     3
Armor: Leather armour    ||     4
       Scale mail        ||    70
Dodge: Dodged            ||    65
